 Dungeon Crawl Stone Soup version 0.31.0-9-g3a7656b989 (webtiles) character file.

Game seed: 4937862470414119382

3 FinalFate the Changeling (level 1, 10/10 HPs)
             Began as a Merfolk Shapeshifter on Feb 2, 2024.
             Got out of the dungeon alive.
             The game lasted 00:01:59 (401 turns).

FinalFate the Changeling (Merfolk Shapeshifter)      Turns: 401, Time: 00:02:00

Health: 10/10      AC:  0    Str: 14    XL:     1   Next: 50%
Magic:  1/1        EV: 16    Int:  9    God:
Gold:   17         SH:  0    Dex: 13    Spells: 0/0 levels left

rFire   . .          .
                       - Unarmed
rCold   . . .        (shield currently unavailable)
rNeg    . . .        (body armour currently unavailable)
rPois   .            (no helmet)
rElec   .            (no cloak)
rCorr   .            (no gloves)
SInv    .            (no boots)
Will    .....        (no amulet)
Stlth   +            (no ring)
HPRegen 0.21/turn    (no ring)
MPRegen 0.07/turn

%: no passive effects
@: flux-form, glowing
A: glow, contaminating, reduced hp, (nimble swimmer 2), mertail
a: Begin Untransformation


You escaped.
You were something dangerously unstable.
You visited 1 branch of the dungeon, and saw 1 of its levels.

You collected 17 gold pieces.

Inventory:

Armour
 a - a +0 animal skin
Talismans
 c - a beast talisman
 d - a flux talisman (active)
Potions
 b - a potion of lignification


   Skills:
 + Level 1.1 Fighting
 + Level 2.6 Dodging
 + Level 3.3 Unarmed Combat
 + Level 4.2 Shapeshifting


You couldn't memorise any spells.
You didn't know any spells.
Your spell library was empty.

Dungeon Overview and Level Annotations

Branches:
Dungeon (1/15)

Altars:


Innate Abilities, Weirdness & Mutations

You are something dangerously unstable.
You glow with magical radiation, making you easy to see and hit.
Foes you strike become dangerously contaminated with magical radiation.
Your maximum health is decreased, since you lack skill for your form.
You are incapable of wielding weapons or throwing items.
((You are very nimble when in or above water. (Stealth+, EV+, Speed+++)))
Your lower body shifts to a powerful aquatic tail in water.


Message History

You hit the ball python.
You kill the ball python!
A rat comes into view.
The rat squeaks loudly.
A rat comes into view.
The rat squeaks loudly.
You now have 17 gold pieces.
The rat misses you.
You hit the rat but do no damage.
The rat begins to glow.
The rat misses you.
You barely miss the rat. The rat bites you. The rat barely misses you.
You hit the rat.
The rat glows dangerously bright.
The rat is moderately wounded.
The rat closely misses you. The rat bites you.
You hit the rat.
You kill the rat!
The rat misses you. The rat closely misses you.
You hit the rat.
You kill the rat!
You see here a rat corpse.
Unknown command.
You see here a rat corpse.
Found a stone staircase leading down.
There is an open door here.
The barachi shouts!
The formicid shouts!
The felid hisses angrily.
The gnoll shouts!
The minotaur bellows!
The naga shouts!
The armataur shouts!
The human shouts!
The merfolk shouts!
The spriggan shouts!
The demigod shouts!
The orc shouts!
The troll shouts!
The tengu shouts!
The vine stalker shouts!
The elf shouts!
The oni shouts!
There is an open door here.
There is a staircase leading out of the dungeon here.
You have escaped!

#####
#.p.#
#...#
###'###
#O#.#x#
###.###
#f#.#e#
###.###
#T#.#Q#
###.###


There were no monsters in sight!

Vanquished Creatures
  A giant cockroach (D:1)
  A ball python (D:1)
  2 rats (D:1)
4 creatures vanquished.

Notes
Turn   | Place    | Note
-------+----------+-------------------------------------------
     0 | D:1      | FinalFate the Merfolk Shapeshifter began the quest for the
                  | Orb.
     0 | D:1      | Reached XP level 1. HP: 15/15 MP: 1/1
   238 | D:1      | Noticed an oni
   238 | D:1      | Noticed an octopode
   240 | D:1      | Noticed a vine stalker
   240 | D:1      | Noticed an elf
   242 | D:1      | Noticed a troll
   242 | D:1      | Noticed a tengu
   244 | D:1      | Noticed a ghoul
   246 | D:1      | Noticed a draconian
   246 | D:1      | Noticed a demigod
   248 | D:1      | Noticed a merfolk
   248 | D:1      | Noticed a spriggan
   250 | D:1      | Noticed a human
   250 | D:1      | Noticed a gargoyle
   252 | D:1      | Noticed an armataur
   254 | D:1      | Noticed a naga
   254 | D:1      | Noticed a djinni
   256 | D:1      | Noticed a minotaur
   256 | D:1      | Noticed a demonspawn
   260 | D:1      | Noticed a felid
   260 | D:1      | Noticed a vampire
   262 | D:1      | Noticed a barachi
   262 | D:1      | Noticed a formicid
   401 | D:$      | Got out of the dungeon alive.

Illustrated notes

Levels and vault maps discovered:
D:1:      kb_arrival_jail, layout_loops_corners, hex_medium

Action                     || total
---------------------------++-------
  Melee: Unarmed           ||    11
 Armour: Skin              ||     4
  Dodge: Dodged            ||    11
         Form:             ||     2
         Beast             ||     2
         Flux              ||     1
